 Dungeon Crawl Stone Soup version 0.17.0 (webtiles) character file.

3073 Eucla the Grappler (level 9, -2/89 HPs)
             Began as a Troll Monk on Nov 10, 2015.
             Was an Elder of Cheibriados.
             Slain by a hippogriff (8 damage)
             ... on level 1 of the Lair of Beasts.
             The game lasted 00:09:55 (5462 turns).

Eucla the Grappler (Troll Monk)                     Turns: 5462, Time: 00:09:56

Health: -2/89      AC:  7    Str: 31    XL:     9   Next: 58%
Magic:  5/8        EV:  9    Int: 16    God:    Cheibriados [****..]
Gold:   419        SH: 20    Dex: 25    Spells: 0 memorised, 8 levels left

rFire  . . .     SeeInvis .       - Unarmed
rCold  . . .     Clarity  .     z - +1 robe {MR+}
rNeg   . . .     SustAt   .     h - +2 large shield
rPois  .         Gourm    +     o - +0 hat
rElec  .         Spirit   .     I - +0 cloak (curse)
rCorr  .         Warding  .     (gloves unavailable)
rMut   .         Stasis   .     (boots unavailable)
MR     +....                    (no amulet)
Stlth  ++........               O - ring of stealth
                                t - ring of loudness (curse)

@: very slow, somewhat resistant to hostile enchantments, unstealthy
A: unfitting armour, claws 3, fast metabolism 3, gourmand, regeneration 2,
shaggy fur 1, tough skin 2
a: Bend Time, Temporal Distortion, Slouch, Renounce Religion


You were on level 1 of the Lair of Beasts.
You worshipped Cheibriados.
Cheibriados was greatly pleased with you.
You were completely stuffed.

You visited 3 branches of the dungeon, and saw 10 of its levels.

You collected 419 gold pieces.

Inventory:

Armour
 a - a +0 robe
 e - a +0 buckler
 h - a +2 large shield (worn)
 o - a +0 hat (worn)
 z - a +1 robe of magic resistance (worn)
 I - a cursed +0 cloak (worn)
Jewellery
 g - an uncursed ring of ice
 m - an uncursed ring of magical power
 t - a cursed ring of loudness (left claw)
 y - a cursed ring of loudness
 E - an uncursed ring of invisibility
 O - a ring of stealth (right claw)
Wands
 B - a wand of lightning (10)
 P - a wand of disintegration (8)
 Q - a wand of fireball (6)
Scrolls
 f - 2 scrolls of noise {unknown}
 j - 2 scrolls of teleportation {unknown}
 l - 3 scrolls of blinking {unknown}
 q - a scroll of immolation {unknown}
 u - 5 scrolls of fog {unknown}
 w - 2 scrolls of random uselessness {unknown}
 x - 9 scrolls of identify {unknown}
 A - 4 scrolls of remove curse {unknown}
 C - 3 scrolls of amnesia {unknown}
 G - 4 scrolls of enchant weapon {unknown}
 J - a scroll of fear {unknown}
 K - a scroll of recharging {unknown}
 L - a scroll of magic mapping {unknown}
 M - 2 scrolls of summoning {unknown}
Potions
 c - 2 potions of ambrosia {unknown}
 d - 2 potions of resistance {unknown}
 n - 2 potions of haste {unknown}
 r - a potion of agility {unknown}
 s - a potion of poison {unknown}
 v - 3 potions of curing {unknown}
 D - 2 potions of brilliance {unknown}
 F - a potion of cure mutation {unknown}
 H - 3 potions of heal wounds {unknown}
 N - a potion of flight {unknown}
 R - a potion of beneficial mutation {unknown}
Comestibles
 b - 11 bread rations
 i - a slice of pizza
 k - 8 meat rations
 p - 3 fruits


   Skills:
 + Level 6.2 Fighting
 - Level 2.7 Dodging
 - Level 1.1 Stealth
 + Level 5.3 Shields
 * Level 10.2 Unarmed Combat


You had 8 spell levels left.
You didn't know any spells.

Dungeon Overview and Level Annotations

Branches:
Dungeon (8/15)             Temple (1/1) D:4            Lair (1/8) D:8

Altars:
Ashenzari
Cheibriados
Dithmenos
Elyvilon
Fedhas
Kikubaaqudgha
Makhleb
Nemelex Xobeh
Okawaru
Qazlal
Ru
Sif Muna
Trog
Vehumet
Xom
Yredelemnul
Zin
The Shining One


Innate Abilities, Weirdness & Mutations

You are too large for most types of armour.
You have claws for hands.
Your metabolism is lightning-fast.
You like to eat raw meat.
You heal very quickly.
You are covered in fur (AC +1).
You have very tough skin (AC +2).


Message History

You block the wolf's attack. You block the hippogriff's attack.
The hippogriff closely misses you. x2
The wolf barely misses you.
Unknown command.
Drink which item? (? for menu, Esc to quit)
Okay, then.
Read which item? (? for menu, Esc to quit)
Okay, then.
The flow of time bends around you.
The hippogriff resists with some effort.
Cheibriados rebukes the wolf.
The wolf seems to slow down.
The wolf resists with some effort.
The wolf resists with some effort.
You feel slightly less full. The wolf bites you but does no damage.
The wolf bites you.
* * * LOW HITPOINT WARNING * * *
You block the wolf's attack. x2
The hippogriff bites you!
* * * LOW HITPOINT WARNING * * *
The hippogriff closely misses you. The hippogriff claws you!
You die...

#......<..#
##........#
#........#
#........#
#........#
#........#
#........#
#.h......#
#@h......#
#Hh......#
#.........#
##........#
#........#
#........#
#........#
#........


You could see a hippogriff and 3 wolves.

Vanquished Creatures
  Prince Ribbit (D:5)
  Sigmund (D:3)
  3 wolves (Lair:1)
  Edmund (D:5)
  A sky beast (D:8)
  An ice beast (D:7)
  An orc warrior (D:7)
  A centaur (D:7)
  A necrophage (D:8)
  An ogre (D:8)
  A phantom (D:6)
  2 giant frogs
  5 scorpions
  4 crimson imps
  6 orc wizards
  A giant frog skeleton (D:5)
  3 giant frog zombies
  3 orc priests
  3 hounds (D:4)
  Crazy Yiuf (D:5)
  2 jellies
  A centaur skeleton (D:4)
  Jessica (D:2)
  An iguana (D:4)
  7 worker ants
  2 hound skeletons
  2 worker ant zombies
  16 adders
  A shadow imp (D:8)
  2 oozes
  A worm (D:2)
  3 giant geckos
  20 orcs
  3 ball pythons
  8 goblins
  7 hobgoblins
  13 jackals
  4 quokkas
  8 bats
  5 giant cockroaches
  A giant cockroach zombie (D:6)
  A giant gecko skeleton (D:7)
  6 giant newts
  6 kobolds
  7 rats
169 creatures vanquished.

Notes
Turn   | Place    | Note
--------------------------------------------------------------
     0 | D:1      | Eucla the Troll Monk began the quest for the Orb.
     0 | D:1      | Reached XP level 1. HP: 22/22 MP: 0/0
   110 | D:1      | Reached XP level 2. HP: 27/29 MP: 1/1
   484 | D:2      | Reached XP level 3. HP: 32/36 MP: 2/2
   566 | D:2      | Found a glowing golden altar of the Shining One.
   703 | D:2      | Noticed Jessica
   715 | D:2      | Killed Jessica
   715 | D:2      | Reached skill level 1 in Shields
   715 | D:2      | Reached XP level 4. HP: 43/45 MP: 3/3
   937 | D:2      | Reached skill level 5 in Unarmed Combat
   972 | D:2      | Reached XP level 5. HP: 45/53 MP: 4/4
  1076 | D:3      | Found a shimmering altar of Xom.
  1256 | D:3      | Noticed Sigmund
  1284 | D:3      | Killed Sigmund
  1284 | D:3      | Reached XP level 6. HP: 35/61 MP: 5/5
  1835 | D:4      | Found a shadowy altar of Dithmenos.
  1870 | D:4      | Reached skill level 6 in Unarmed Combat
  1975 | D:4      | Reached XP level 7. HP: 41/70 MP: 6/6
  2018 | D:4      | Found a staircase to the Ecumenical Temple.
  2060 | Temple   | Entered the Ecumenical Temple
  2115 | Temple   | Became a worshipper of Cheibriados the Contemplative
  2115 | Temple   | Reached * piety under Cheibriados
  2115 | Temple   | Reached ** piety under Cheibriados
  2432 | D:4      | Reached skill level 7 in Unarmed Combat
  2630 | D:5      | Entered Level 5 of the Dungeon
  2675 | D:5      | Noticed Prince Ribbit
  2926 | D:5      | Noticed Edmund
  2938 | D:5      | Killed Edmund
  2938 | D:5      | Reached XP level 8. HP: 79/79 MP: 7/7
  3381 | D:5      | Reached *** piety under Cheibriados
  3510 | D:5      | Noticed Crazy Yiuf
  3517 | D:5      | Killed Crazy Yiuf
  3666 | D:5      | Reached skill level 8 in Unarmed Combat
  3697 | D:5      | Killed Prince Ribbit
  3738 | D:6      | Found a basalt altar of Yredelemnul.
  3742 | D:6      | Reached skill level 5 in Fighting
  3975 | D:6      | Found an ancient bone altar of Kikubaaqudgha.
  3987 | D:6      | Found a glowing golden altar of the Shining One.
  4318 | D:7      | Reached skill level 9 in Unarmed Combat
  4422 | D:7      | Reached **** piety under Cheibriados
  4474 | D:7      | Reached XP level 9. HP: 88/88 MP: 8/8
  4549 | D:7      | Found a sparkling altar of Nemelex Xobeh.
  5025 | D:8      | Found a shadowy altar of Dithmenos.
  5234 | D:8      | Reached skill level 5 in Shields
  5288 | D:8      | Found a staircase to the Lair.
  5365 | D:8      | Found a burning altar of Makhleb.
  5430 | Lair:1   | Entered Level 1 of the Lair of Beasts
  5453 | Lair:1   | Reached skill level 10 in Unarmed Combat
  5462 | Lair:1   | Slain by a hippogriff

Action                   |  1- 3 |  4- 6 |  7- 9 || total
-------------------------+-------+-------+-------++-------
Melee: Unarmed           |    99 |   131 |   297 ||   527
Invok: Bend Time         |       |       |     1 ||     1
 Stab: Sleeping          |     1 |     2 |       ||     3
  Eat: Chunk             |    11 |    10 |    25 ||    46
